 Dungeon Crawl Stone Soup version 0.18-a0-1637-g109f206 (webtiles) character file.

23 dohliylev the Sneak (level 2, -1/19 HPs)
             Began as a Vampire Enchanter on Mar 26, 2016.
             Slain by an adder (3 damage)
             ... on level 2 of the Dungeon.
             The game lasted 00:04:33 (1080 turns).

dohliylev the Sneak (Vampire Enchanter)             Turns: 1080, Time: 00:04:34

Health: -1/19      AC:  3    Str:  7    XL:     2   Next: 75%
Magic:  2/5        EV: 13    Int: 17    God:
Gold:   99         SH:  0    Dex: 14    Spells: 2 memorised, 2 levels left

rFire  . . .     SeeInvis +     a - +1 dagger
rCold  . . .     Gourm    .     b - +1 robe
rNeg   + . .     Faith    .     (no shield)
rPois  .         Spirit   .     (no helmet)
rElec  .         Dismiss  .     (no cloak)
rCorr  .         Reflect  .     (no gloves)
SustAt .         Harm     .     (no boots)
MR     .....                    (no amulet)
Stlth  +++.......               (no ring)
                                (no ring)

@: lethally poisoned (-1 -> -7), not resistant to hostile enchantments, fairly
stealthy
A: fangs 3, see invisible, unbreathing
a: no special abilities


You were on level 2 of the Dungeon.
You were not thirsty.

You visited 1 branch of the dungeon, and saw 2 of its levels.

You collected 99 gold pieces.

Inventory:

Hand Weapons
 a - a +1 dagger (weapon)
Armour
 b - a +1 robe (worn)
 k - a cursed +0 ring mail
Scrolls
 g - a scroll of amnesia {unknown}
 h - a scroll of enchant armour {unknown}
 i - a scroll of identify {unknown}
Potions
 d - 6 potions of blood
 e - a potion of flight {unknown}
 f - 2 potions of curing {unknown}
 j - 2 potions of cure mutation {unknown}
Books
 c - a book of Maledictions

   Spells                             Type                      Level
   a - Corona                         Hexes                        1
   b - Ensorcelled Hibernation        Hexes/Ice                    2
   c - Confuse                        Hexes                        3
   d - Tukima's Dance                 Hexes                        3
   e - Dazzling Spray                 Conjuration/Hexes            3


   Skills:
 + Level 1.2 Short Blades
 + Level 2.5 Dodging
 * Level 5.2 Stealth
 + Level 2.1 Spellcasting
 + Level 4.8 Hexes


You had 2 spell levels left.
You knew the following spells:

 Your Spells              Type           Power        Failure   Level  Hunger
a - Corona                Hex            ###....      2%          1    #......
b - Ensorcelled Hibernat  Hex/Ice        #.....       14%         2    ###....


Dungeon Overview and Level Annotations

Branches:
Dungeon (2/15)

Altars:


Innate Abilities, Weirdness & Mutations

You have razor-sharp teeth.
You have supernaturally acute eyesight.
You can survive without breathing.


Message History

You open the door.
There is an open door here.
An adder comes into view.
Casting: Ensorcelled Hibernation
Confirm with . or Enter, or press ? or * to list all spells.
You don't have enough magic to cast that spell.
You closely miss the adder. The adder bites you.
* * * LOW HITPOINT WARNING * * *
You are lethally poisoned!
The adder poisons you!
Casting: Ensorcelled Hibernation
Confirm with . or Enter, or press ? or * to list all spells.
You don't have enough magic to cast that spell.
Firing (i - inventory): No suitable missiles.
Press: ? - help, Shift-Dir - straight line, f - adder, p - worm
Aim: an adder
Okay, then.
* * * LOW HITPOINT WARNING * * *
You feel sick. The adder bites you.
You die...

### #......# #...#
#......######## #.#.#
####......#....).# #.#.###
#.........#.####.# #.#.#.#
#.##......#.#.##.## ##
#.#.#.#####.........#.#......
..###.#.#.....#.........#.#.##.##
#.....#...#.###.@.......#.# #.#
+......w...w..'..S..#####.# #.#
#....######.###.....# #.# #.#
.....# #.#############'#.##.#
###.## ###.........†.......##.#
..w.# #.....##...........###.#
.#### #.##...............# #.#
.### #.##..###..........# #.#
...# #.##..........>....# #.#


You could see a worm and an adder.

Vanquished Creatures
  A dart slug (D:2)
  4 bats
  4 goblins (D:1)
  2 hobgoblins
  5 kobolds (D:1)
  3 rats (D:1)
19 creatures vanquished.

Notes
Turn   | Place    | Note
--------------------------------------------------------------
     0 | D:1      | dohliylev the Vampire Enchanter began the quest for the Orb.
     0 | D:1      | Reached XP level 1. HP: 13/13 MP: 3/3
   477 | D:1      | Reached XP level 2. HP: 17/19 MP: 5/5
   481 | D:1      | Reached skill level 5 in Stealth
   939 | D:2      | Learned a level 2 spell: Ensorcelled Hibernation
  1080 | D:2      | Slain by an adder

Vault maps used:
D:1:      dpeg_arrival_rooms_b, minmay_misc_feat_tiny, st_stairs_3,
          roderic_serpentine_path
D:2:      first_bread

Skill      XL: |  1  2 |
---------------+-------+-----
Stealth        | 5 |  5.2
Short Blades   | |  1.2
Dodging        | |  2.5
Spellcasting   | |  2.1
Hexes          | |  4.8

Action                   || total
-------------------------++-------
Melee: Dagger            ||    81
 Cast: Corona            ||     7
       Ensorcelled Hiber ||     4
 Stab: Sleeping          ||     5
  Eat: Corpse            ||     1
